Reign vs Penguins
Created - February 23, 2022 at 19:22
Goals
|
| Reign |
1 |
1 |
2 |
4 |
| Penguins |
0 |
1 |
1 |
2 |
|
Shots
|
| Reign |
7 |
12 |
10 |
29 |
| Penguins |
3 |
13 |
5 |
21 |
|
1st period
1. Reign , Roope Hintz 13 (Rourke Chartier 17) at 10:22
Penalties :
William Nylander (Ont) for Tripping (Minor) at 0:16, Trevor Moore (Ont) for Tripping (Minor) at 4:00, Dmitri Orlov (Ont) for Hooking (Minor) at 13:29, Adam Brooks (Wil) for Goalie Interference (Minor) at 14:33, John Marino (Wil) for Interference (Minor) at 18:32
2nd period
2. Reign , Phillip Danault 8 (Nicolas Aube-Kubel 12, Dmitri Orlov 10) at 5:34
3. Penguins , Josh Jooris 16 (Andy Andreoff 16) at 13:12 (SH)
Penalties :
Scott Mayfield (Wil) for Hooking (Minor) at 5:37, Vince Hinostroza (Wil) for Holding (Minor) at 13:01
3rd period
4. Reign , Jordan Kyrou 10 (Sergey Kalinin 14) at 5:44
5. Penguins , Kyle Connor 18 (Dakota Mermis 13, Vince Hinostroza 24) at 7:47
6. Reign , Trevor Moore 4 (Nikita Tryamkin 9, Phillip Danault 4) at 13:29
Penalties :
Andy Andreoff (Wil) for Tripping (Minor) at 3:10, Scott Mayfield (Wil) for Hooking (Minor) at 7:58, Andrew O'Brien (Wil) for Hooking (Minor) at 17:33
Goalie Stats
Carter Hart (Ont), 19 saves from 21 shots - (0.905), W, 15-8-0, 60:00 minutes
Connor Hellebyuk (Wil), 25 saves from 29 shots - (0.862), L, 14-9-1, 60:00 minutes
Players Stats for Reign
Player Name G A P +/- PIM S H SB GA TA FO MP PP MP PK MP
------------------------------------------------------------------------------------
Charlie McAvoy 0 0 0 1 0 0 1 1 0 0 0/0 10:09 0:00 0:00
Christopher Tanev 0 0 0 -1 0 0 1 0 0 2 0/0 13:01 0:00 3:13
Dmitri Orlov 0 1 1 1 2 3 1 0 0 0 0/0 19:18 5:05 1:39
Jakob Chychrun 0 0 0 1 0 1 2 0 0 0 0/0 18:43 7:38 0:00
Joachim Blichfeld 0 0 0 0 0 1 1 1 1 2 1/1 11:10 0:58 0:00
Joel Eriksson Ek 0 0 0 0 0 1 0 0 1 0 2/6 12:41 0:17 2:40
Jordan Kyrou 1 0 1 1 0 3 2 0 1 0 0/0 16:36 5:51 0:00
Jordan Schmaltz 0 0 0 2 0 0 0 1 0 0 0/0 15:45 0:34 3:13
Josh Anderson 0 0 0 0 0 0 2 0 0 0 0/0 10:09 0:13 0:00
Logan Stanley 0 0 0 1 0 0 0 0 0 0 0/0 7:50 0:00 0:00
Matthew Tkachuk 0 0 0 -1 0 0 2 0 0 0 0/1 18:12 6:30 0:00
Nicolas Aube-Kubel 0 1 1 2 0 3 1 0 0 0 0/0 11:37 0:00 2:36
Nikita Tryamkin 0 1 1 0 0 1 2 0 0 0 0/0 17:05 5:20 1:49
Phillip Danault 1 1 2 2 0 3 0 0 0 0 0/0 11:27 0:00 2:07
Roope Hintz 1 0 1 0 0 3 3 0 0 0 0/2 18:02 5:45 0:03
Rourke Chartier 0 1 1 -1 0 3 1 0 1 0 12/17 19:10 6:39 0:18
Sergey Kalinin 0 1 1 1 0 1 1 0 0 0 12/15 18:05 5:51 1:55
Thomas Chabot 0 0 0 -1 0 2 0 1 1 1 0/0 18:27 7:38 0:10
Trevor Moore 1 0 1 2 2 1 4 0 0 0 3/4 9:00 0:00 0:00
William Nylander 0 0 0 0 2 3 0 0 0 0 2/3 17:33 6:31 0:25
Players Stats for Penguins
Player Name G A P +/- PIM S H SB GA TA FO MP PP MP PK MP
------------------------------------------------------------------------------------
Adam Brooks 0 0 0 1 2 1 0 1 0 0 2/7 14:16 2:23 0:00
Andrew O'Brien 0 0 0 1 2 0 0 0 0 0 0/0 25:07 2:56 6:39
Andy Andreoff 0 1 1 -1 2 1 1 1 0 1 0/0 20:58 2:34 5:52
Anthony Beauvillier 0 0 0 -1 0 1 1 0 1 0 0/0 12:17 0:00 2:34
Brett Pollock 0 0 0 0 0 0 0 0 0 0 0/0 0:39 0:00 0:39
Cedric Paquette 0 0 0 -2 0 1 2 0 0 0 6/19 14:54 2:34 0:46
Curtis Hamilton 0 0 0 -1 0 0 1 0 0 0 0/0 7:10 0:00 0:00
Dakota Mermis 0 1 1 -1 0 1 0 0 0 2 0/0 21:52 2:06 5:17
Danny Biega 0 0 0 -1 0 1 0 0 0 0 0/0 20:46 2:06 5:15
Denis Malgin 0 0 0 -1 0 0 0 0 0 0 0/3 7:10 0:00 0:00
Gavin Bayreuther 0 0 0 -1 0 1 1 1 0 0 0/0 9:05 0:00 0:00
Iven Barbashev 0 0 0 -1 0 1 0 1 1 0 0/0 7:10 0:00 0:00
John Marino 0 0 0 -1 2 0 1 0 0 0 0/0 12:39 0:00 3:16
Josh Ho-Sang 0 0 0 0 0 0 0 0 0 0 0/0 0:00 0:00 0:00
Josh Jooris 1 0 1 -1 0 4 2 0 2 2 7/14 21:36 2:38 6:50
Juuso Ikonen 0 0 0 0 0 0 0 0 0 0 0/0 0:00 0:00 0:00
Kyle Connor 1 0 1 1 0 1 1 0 0 0 0/0 13:54 2:24 0:00
Matthew Finn 0 0 0 -1 0 0 0 0 0 0 0/0 4:27 0:00 0:20
Max Gortz 0 0 0 0 0 0 0 0 0 0 0/0 0:26 0:04 0:00
Raphael Bussieres 0 0 0 0 0 0 0 0 0 0 0/0 3:44 0:00 3:13
Sam Kurker 0 0 0 0 0 0 0 0 0 0 0/0 0:26 0:04 0:00
Sam Reinhart 0 0 0 -1 0 2 1 0 0 0 0/1 13:42 0:00 3:26
Scott Mayfield 0 0 0 0 4 3 1 0 0 0 0/0 26:50 2:56 5:09
Tyson Jost 0 0 0 -1 0 0 0 0 0 0 2/5 9:05 0:00 0:00
Vince Hinostroza 0 1 1 1 2 3 4 0 1 0 0/0 17:47 2:24 2:36
3 Stars
1 - Phillip Danault (Ont)
2 - Trevor Moore (Ont)
3 - Jordan Kyrou (Ont)
Power Play
Reign - 0 on 7 Attempt(s) - 0.00%
Penguins - 0 on 3 Attempt(s) - 0.00%
Penalty Kill
Reign - 3 on 3 Attempt(s) - 100.00%
- Score 0 goal in Penalty Kill
Penguins - 7 on 7 Attempt(s) - 100.00%
- Score 1 goal in Penalty Kill
Team Stat
Reign - Hits : 24 - Faceoff Wins : 32 - Blocked Shots : 4 - Penalty Minutes : 6
Penguins - Hits : 16 - Faceoff Wins : 17 - Blocked Shots : 4 - Penalty Minutes : 14
Official
Referees : Trevor Hanson and Brandon Blandina
Linesman : Brandon Gawryletz and Michel Cormier
Game Notes
No Game Note
Finance
Level 1 -- Attendance: 2000 (100.00%) -- Ticket Income $70,000
Level 2 -- Attendance: 919 (91.90%) -- Ticket Income $13,785
Total Attendance: 2919 (97.30%)
Total Ticket Income: $83,785
Other Income: $4,189
Total Income: $87,974
Reign
5 vs 5 Forward
Center Left Wing Right Wing Time % Phy DF OF
1 Sergey Kalinin William Nylander Jordan Kyrou 30 0 3 2
2 Rourke Chartier Roope Hintz Matthew Tkachuk 30 0 3 2
3 Trevor Moore Phillip Danault Nicolas Aube-Kubel 20 0 3 2
4 Joel Eriksson Ek Joachim Blichfeld Josh Anderson 20 0 3 2
5 vs 5 Defense
Defense Defense Time % Phy DF OF
1 Jordan Schmaltz Dmitri Orlov 30 0 3 2
2 Christopher Tanev Thomas Chabot 25 0 3 2
3 Charlie McAvoy Jakob Chychrun 25 0 3 2
4 Logan Stanley Nikita Tryamkin 20 1 3 1
PowerPlay Forward
Center Left Wing Right Wing Time % Phy DF OF
1 Rourke Chartier William Nylander Matthew Tkachuk 60 0 2 3
2 Sergey Kalinin Roope Hintz Jordan Kyrou 40 0 2 3
PowerPlay Defense
Defense Defense Time % Phy DF OF
1 Thomas Chabot Jakob Chychrun 60 1 2 2
2 Dmitri Orlov Nikita Tryamkin 40 1 2 2
Penalty Kill 4 Players Forward
Center Wing Time % Phy DF OF
1 Joel Eriksson Ek Nicolas Aube-Kubel 60 0 3 2
2 Sergey Kalinin Phillip Danault 40 0 3 2
Penalty Kill 4 Players Defense
Defense Defense Time % Phy DF OF
1 Christopher Tanev Jordan Schmaltz 60 0 4 1
2 Nikita Tryamkin Dmitri Orlov 40 0 4 1
Penalty Kill - 3 Players Forward
Forward Time % Phy DF OF
1 Sergey Kalinin 60 0 3 2
2 Joel Eriksson Ek 40 0 3 2
Penalty Kill - 3 Players Defense
Defense Defense Time % Phy DF OF
1 Christopher Tanev Jordan Schmaltz 60 1 4 0
2 Nikita Tryamkin Dmitri Orlov 40 1 4 0
4 vs 4 Forward
Center Wing Time % Phy DF OF
1 William Nylander Jordan Kyrou 60 1 2 2
2 Rourke Chartier Roope Hintz 40 1 2 2
4 vs 4 Defense
Defense Defense Time % Phy DF OF
1 Christopher Tanev Thomas Chabot 60 1 2 2
2 Jordan Schmaltz Nikita Tryamkin 40 1 2 2
Last Minutes Offensive
Center Left Wing Right Wing Defense Defense
William Nylander Roope Hintz Jordan Kyrou Jakob Chychrun Thomas Chabot
Last Minutes Defensive
Center Left Wing Right Wing Defense Defense
Sergey Kalinin Roope Hintz Josh Anderson Christopher Tanev Jordan Schmaltz
Goaltenders
Starting : Carter Hart
Backup : Garret Sparks
Extra Forwards
Normal : William Nylander, Roope Hintz, Joachim Blichfeld - PP : Joachim Blichfeld, Joel Eriksson Ek - PK : William Nylander
Extra Defensemen
Normal : Charlie McAvoy, Jakob Chychrun, Logan Stanley - PP : Charlie McAvoy - PK : Thomas Chabot, Logan Stanley
Penalty Shots
Rourke Chartier, Jordan Kyrou, Trevor Moore, Roope Hintz, Joachim Blichfeld
Scratches
Blake Lizotte (Healthy), Bokondji Imama (Healthy), Jacob Josefson (Healthy), Joel Vermin (Healthy), Nathan Gerbe (Healthy)
Dan Renouf (Healthy), Kale Clague (Healthy), Michael Pezzetta (Healthy), Austin Czarnik (Healthy), Cal Petersen (Healthy)
Jordan Binnington (Healthy)
Penguins
5 vs 5 Forward
Center Left Wing Right Wing Time % Phy DF OF
1 Cedric Paquette Andy Andreoff Josh Jooris 40 1 2 2
2 Adam Brooks Kyle Connor Vince Hinostroza 30 1 2 2
3 Tyson Jost Anthony Beauvillier Sam Reinhart 20 1 2 2
4 Denis Malgin Curtis Hamilton Iven Barbashev 10 1 2 2
5 vs 5 Defense
Defense Defense Time % Phy DF OF
1 Scott Mayfield Andrew O'Brien 40 1 2 2
2 Dakota Mermis Danny Biega 30 1 2 2
3 Gavin Bayreuther John Marino 20 1 2 2
4 Matthew Finn Scott Mayfield 10 1 2 2
PowerPlay Forward
Center Left Wing Right Wing Time % Phy DF OF
1 Cedric Paquette Andy Andreoff Josh Jooris 60 1 2 2
2 Adam Brooks Kyle Connor Vince Hinostroza 40 1 2 2
PowerPlay Defense
Defense Defense Time % Phy DF OF
1 Scott Mayfield Andrew O'Brien 60 1 2 2
2 Dakota Mermis Danny Biega 40 1 2 2
Penalty Kill 4 Players Forward
Center Wing Time % Phy DF OF
1 Josh Jooris Andy Andreoff 60 1 2 2
2 Vince Hinostroza Sam Reinhart 40 1 2 2
Penalty Kill 4 Players Defense
Defense Defense Time % Phy DF OF
1 Scott Mayfield Andrew O'Brien 60 1 2 2
2 Dakota Mermis Danny Biega 40 1 2 2
Penalty Kill - 3 Players Forward
Forward Time % Phy DF OF
1 Josh Jooris 60 1 2 2
2 Andy Andreoff 40 1 2 2
Penalty Kill - 3 Players Defense
Defense Defense Time % Phy DF OF
1 Scott Mayfield Andrew O'Brien 60 1 2 2
2 Dakota Mermis Danny Biega 40 1 2 2
4 vs 4 Forward
Center Wing Time % Phy DF OF
1 Josh Jooris Andy Andreoff 60 1 2 2
2 Vince Hinostroza Sam Reinhart 40 1 2 2
4 vs 4 Defense
Defense Defense Time % Phy DF OF
1 Scott Mayfield Andrew O'Brien 60 1 2 2
2 Dakota Mermis Danny Biega 40 1 2 2
Last Minutes Offensive
Center Left Wing Right Wing Defense Defense
Cedric Paquette Andy Andreoff Josh Jooris Scott Mayfield Andrew O'Brien
Last Minutes Defensive
Center Left Wing Right Wing Defense Defense
Cedric Paquette Andy Andreoff Josh Jooris Scott Mayfield Andrew O'Brien
Goaltenders
Starting : Connor Hellebyuk
Backup : Anthony Stolarz
Extra Forwards
Normal : Max Gortz, Sam Kurker, Raphael Bussieres - PP : Max Gortz, Sam Kurker - PK : Raphael Bussieres
Extra Defensemen
Normal : Gavin Bayreuther, John Marino, Matthew Finn - PP : Gavin Bayreuther - PK : John Marino, Matthew Finn
Penalty Shots
Josh Jooris, Andy Andreoff, Vince Hinostroza, Sam Reinhart, Cedric Paquette
Scratches
Andreas Martinsen (Strained Right Elbow Injury), Steven Spinner (Healthy), German Rubtsov (Healthy)
% Time on Ice - Reign
Lines # - Real PCT - Wanted PCT - Time Play
Normal Forward
1 - 26% - 30% - 10:50
2 - 29% - 30% - 12:05
3 - 22% - 20% - 9:01
4 - 22% - 20% - 9:09
Normal Defense
1 - 30% - 30% - 12:12
2 - 27% - 25% - 10:54
3 - 25% - 25% - 10:09
4 - 19% - 20% - 7:50
PP Forward
1 - 52% - 60% - 6:48
2 - 48% - 40% - 6:10
PP Defense
1 - 59% - 60% - 7:38
2 - 41% - 40% - 5:20
PK Forward
1 - 62% - 60% - 3:07
2 - 38% - 40% - 1:55
PK Defense
1 - 64% - 60% - 3:13
2 - 36% - 40% - 1:49
PK3 Forward
1 - 0% - 60%
2 - 0% - 40%
PK3 Defense
1 - 0% - 60%
2 - 0% - 40%
44 Forward
1 - 58% - 60% - 0:32
2 - 42% - 40% - 0:23
44 Defense
1 - 24% - 60% - 0:13
2 - 76% - 40% - 0:42
Last Minute Offensive - 0:00
Last Minute Defensive - 0:00
Total
Forward - 60:00
Defense - 60:00
|
% Time on Ice - Penguins
Lines # - Real PCT - Wanted PCT - Time Play
Normal Forward
1 - 31% - 40% - 12:32
2 - 30% - 30% - 12:18
3 - 22% - 20% - 9:05
4 - 17% - 10% - 7:10
Normal Defense
1 - 40% - 40% - 16:22
2 - 31% - 30% - 12:54
3 - 22% - 20% - 9:05
4 - 7% - 10% - 2:44
PP Forward
1 - 52% - 60% - 2:38
2 - 48% - 40% - 2:24
PP Defense
1 - 58% - 60% - 2:56
2 - 42% - 40% - 2:06
PK Forward
1 - 74% - 60% - 9:32
2 - 26% - 40% - 3:26
PK Defense
1 - 60% - 60% - 7:43
2 - 40% - 40% - 5:15
PK3 Forward
1 - 0% - 60%
2 - 0% - 40%
PK3 Defense
1 - 0% - 60%
2 - 0% - 40%
44 Forward
1 - 58% - 60% - 0:32
2 - 42% - 40% - 0:23
44 Defense
1 - 44% - 60% - 0:24
2 - 56% - 40% - 0:31
Last Minute Offensive - 0:00
Last Minute Defensive - 0:00
Total
Forward - 60:00
Defense - 60:00
|
Play-by-Play
1st period
0:01 of 1st period - Josh Jooris wins face-off versus Sergey Kalinin in neutral zone.
0:12 of 1st period - Snap shot by Josh Jooris.
0:12 of 1st period - Stopped by Carter Hart with a rebound.
0:14 of 1st period - Slapshot by Cedric Paquette.
0:14 of 1st period - Shot Blocked by Jordan Schmaltz.
0:16 of 1st period - Minor Penalty to William Nylander for Tripping.
0:17 of 1st period - Cedric Paquette wins face-off versus Joel Eriksson Ek in Reign zone.
2:16 of 1st period - Penalty to William Nylander is over, William Nylander is back on ice.
2:46 of 1st period - Dakota Mermis is hit by Josh Anderson.
3:47 of 1st period - Vince Hinostroza is hit by Christopher Tanev and loses puck.
4:00 of 1st period - Minor Penalty to Trevor Moore for Tripping.
4:01 of 1st period - Joel Eriksson Ek wins face-off versus Cedric Paquette in Reign zone.
4:26 of 1st period - Andrew O'Brien is hit by Nikita Tryamkin and loses puck.
6:00 of 1st period - Penalty to Trevor Moore is over, Trevor Moore is back on ice.
7:24 of 1st period - Scott Mayfield is hit by Trevor Moore and loses puck.
7:49 of 1st period - Vince Hinostroza is hit by Matthew Tkachuk and loses puck.
9:00 of 1st period - William Nylander is hit by Vince Hinostroza and loses puck.
9:08 of 1st period - Icing by Sergey Kalinin.
9:09 of 1st period - Sergey Kalinin wins face-off versus Cedric Paquette in Reign zone.
9:36 of 1st period - Christopher Tanev is hit by Scott Mayfield and loses puck.
10:13 of 1st period - Wrist shot by Iven Barbashev.
10:13 of 1st period - Stopped by Carter Hart without a rebound.
10:14 of 1st period - Sergey Kalinin wins face-off versus Denis Malgin in Reign zone.
10:14 of 1st period - Sergey Kalinin is hit by Curtis Hamilton.
10:20 of 1st period - Slapshot by William Nylander.
10:20 of 1st period - Deflect By Jordan Kyrou.
10:20 of 1st period - Stopped by Connor Hellebyuk without a rebound.
10:21 of 1st period - Rourke Chartier wins face-off versus Cedric Paquette in Penguins zone.
10:22 of 1st period - Wrist shot by Roope Hintz.
10:22 of 1st period - Goal by Roope Hintz - Reign : 1 - Penguins : 0.
10:23 of 1st period - Cedric Paquette wins face-off versus Rourke Chartier in neutral zone.
10:38 of 1st period - Slapshot by Rourke Chartier.
10:38 of 1st period - Stopped by Connor Hellebyuk without a rebound.
10:39 of 1st period - William Nylander wins face-off versus Adam Brooks in Penguins zone.
11:19 of 1st period - Josh Jooris is hit by Roope Hintz and loses puck.
11:36 of 1st period - Icing by Phillip Danault.
11:37 of 1st period - Tyson Jost wins face-off versus Trevor Moore in Reign zone.
12:25 of 1st period - Wrist shot by Phillip Danault.
12:25 of 1st period - Shot Misses the Net.
12:27 of 1st period - Slapshot by Phillip Danault.
12:27 of 1st period - Stopped by Connor Hellebyuk without a rebound.
12:28 of 1st period - Cedric Paquette wins face-off versus Sergey Kalinin in Penguins zone.
12:28 of 1st period - Cedric Paquette is hit by Jordan Kyrou.
13:29 of 1st period - Minor Penalty to Dmitri Orlov for Hooking.
13:30 of 1st period - Joel Eriksson Ek wins face-off versus Cedric Paquette in Reign zone.
13:56 of 1st period - Jordan Schmaltz is hit by Vince Hinostroza and loses puck.
14:33 of 1st period - Minor Penalty to Adam Brooks for Goalie Interference.
14:34 of 1st period - Josh Jooris wins face-off versus William Nylander in Penguins zone.
14:49 of 1st period - Snap shot by William Nylander.
14:49 of 1st period - Stopped by Connor Hellebyuk with a rebound.
15:29 of 1st period - Penalty to Dmitri Orlov is over, Dmitri Orlov is back on ice.
15:39 of 1st period - Slapshot by Rourke Chartier.
15:39 of 1st period - Stopped by Connor Hellebyuk with a rebound.
16:33 of 1st period - Penalty to Adam Brooks is over, Adam Brooks is back on ice.
16:48 of 1st period - Scott Mayfield is hit by Trevor Moore and loses puck.
16:53 of 1st period - Snap shot by Nicolas Aube-Kubel.
16:53 of 1st period - Stopped by Connor Hellebyuk with a rebound.
16:55 of 1st period - Slapshot by Charlie McAvoy.
16:55 of 1st period - Deflect By Nicolas Aube-Kubel.
16:55 of 1st period - Shot Misses the Net.
16:55 of 1st period - Puck is out of play.
16:56 of 1st period - Adam Brooks wins face-off versus Joel Eriksson Ek in Penguins zone.
17:44 of 1st period - Sergey Kalinin is hit by Anthony Beauvillier and loses puck.
18:07 of 1st period - Off-side.
18:08 of 1st period - Rourke Chartier wins face-off versus Adam Brooks in neutral zone.
18:17 of 1st period - Wrist shot by Adam Brooks.
18:17 of 1st period - Stopped by Carter Hart without a rebound.
18:18 of 1st period - Rourke Chartier wins face-off versus Cedric Paquette in Reign zone.
18:32 of 1st period - Minor Penalty to John Marino for Interference.
18:33 of 1st period - Josh Jooris wins face-off versus Rourke Chartier in Penguins zone.
19:08 of 1st period - Josh Jooris is hit by Roope Hintz and loses puck.
Goals for this period are 1 for Reign vs 0 for Penguins.
Shots for this period are 7 for Reign vs 3 for Penguins.
2nd period
0:01 of 2nd period - Josh Jooris wins face-off versus Rourke Chartier in neutral zone.
0:03 of 2nd period - Off-side.
0:04 of 2nd period - Rourke Chartier wins face-off versus Josh Jooris in neutral zone.
0:32 of 2nd period - Penalty to John Marino is over, John Marino is back on ice.
0:45 of 2nd period - John Marino is hit by Roope Hintz and loses puck.
1:22 of 2nd period - Slapshot by Dmitri Orlov.
1:22 of 2nd period - Shot Blocked by Andy Andreoff.
1:36 of 2nd period - Snap shot by Joel Eriksson Ek.
1:36 of 2nd period - Stopped by Connor Hellebyuk without a rebound.
1:37 of 2nd period - Sergey Kalinin wins face-off versus Adam Brooks in Penguins zone.
1:38 of 2nd period - Wrist shot by Jordan Kyrou.
1:38 of 2nd period - Stopped by Connor Hellebyuk with a rebound.
1:40 of 2nd period - Slapshot by Nikita Tryamkin.
1:40 of 2nd period - Stopped by Connor Hellebyuk with a rebound.
1:42 of 2nd period - Snap shot by Sergey Kalinin.
1:42 of 2nd period - Shot Misses the Net.
1:44 of 2nd period - Snap shot by William Nylander.
1:44 of 2nd period - Shot Misses the Net.
1:46 of 2nd period - Wrist shot by Sergey Kalinin.
1:46 of 2nd period - Stopped by Connor Hellebyuk with a rebound.
1:48 of 2nd period - Snap shot by Nikita Tryamkin.
1:48 of 2nd period - Shot Blocked by Adam Brooks.
1:50 of 2nd period - Slapshot by William Nylander.
1:50 of 2nd period - Stopped by Connor Hellebyuk without a rebound.
1:51 of 2nd period - Cedric Paquette wins face-off versus Matthew Tkachuk in Penguins zone.
2:48 of 2nd period - Snap shot by Sam Reinhart.
2:48 of 2nd period - Stopped by Carter Hart without a rebound.
2:49 of 2nd period - Cedric Paquette wins face-off versus Roope Hintz in Reign zone.
2:50 of 2nd period - Snap shot by Josh Jooris.
2:50 of 2nd period - Stopped by Carter Hart with a rebound.
2:52 of 2nd period - Slapshot by Danny Biega.
2:52 of 2nd period - Stopped by Carter Hart without a rebound.
2:53 of 2nd period - Rourke Chartier wins face-off versus Cedric Paquette in Reign zone.
2:53 of 2nd period - Rourke Chartier is hit by Cedric Paquette.
3:02 of 2nd period - Snap shot by Josh Jooris.
3:02 of 2nd period - Shot Misses the Net.
3:04 of 2nd period - Snap shot by Danny Biega.
3:04 of 2nd period - Shot Misses the Net.
3:06 of 2nd period - Snap shot by Cedric Paquette.
3:06 of 2nd period - Stopped by Carter Hart with a rebound.
3:08 of 2nd period - Snap shot by Cedric Paquette.
3:08 of 2nd period - Shot Misses the Net.
3:18 of 2nd period - Danny Biega is hit by Jordan Kyrou and loses puck.
3:49 of 2nd period - Snap shot by Sam Reinhart.
3:49 of 2nd period - Stopped by Carter Hart with a rebound.
5:28 of 2nd period - Wrist shot by Dmitri Orlov.
5:28 of 2nd period - Stopped by Connor Hellebyuk with a rebound.
5:30 of 2nd period - Wrist shot by Nicolas Aube-Kubel.
5:30 of 2nd period - Stopped by Connor Hellebyuk with a rebound.
5:32 of 2nd period - Snap shot by Phillip Danault.
5:32 of 2nd period - Shot Misses the Net.
5:34 of 2nd period - Snap shot by Phillip Danault.
5:34 of 2nd period - Goal by Phillip Danault - Reign : 2 - Penguins : 0.
5:35 of 2nd period - Cedric Paquette wins face-off versus Sergey Kalinin in neutral zone.
5:37 of 2nd period - Minor Penalty to Scott Mayfield for Hooking.
5:38 of 2nd period - Rourke Chartier wins face-off versus Josh Jooris in Penguins zone.
5:43 of 2nd period - Off-side.
5:44 of 2nd period - Rourke Chartier wins face-off versus Josh Jooris in neutral zone.
5:49 of 2nd period - Andy Andreoff is hit by Jakob Chychrun and loses puck.
6:14 of 2nd period - Snap shot by Roope Hintz.
6:14 of 2nd period - Shot Misses the Net.
6:16 of 2nd period - Snap shot by Roope Hintz.
6:16 of 2nd period - Stopped by Connor Hellebyuk with a rebound.
7:37 of 2nd period - Penalty to Scott Mayfield is over, Scott Mayfield is back on ice.
7:38 of 2nd period - Slapshot by Scott Mayfield.
7:38 of 2nd period - Shot Misses the Net.
7:49 of 2nd period - Wrist shot by Scott Mayfield.
7:49 of 2nd period - Stopped by Carter Hart with a rebound.
8:19 of 2nd period - Curtis Hamilton is hit by Nicolas Aube-Kubel and loses puck.
9:04 of 2nd period - Nicolas Aube-Kubel is hit by Vince Hinostroza and loses puck.
9:23 of 2nd period - Slapshot by Scott Mayfield.
9:23 of 2nd period - Stopped by Carter Hart with a rebound.
9:54 of 2nd period - Jordan Schmaltz is hit by Josh Jooris and loses puck.
10:29 of 2nd period - Snap shot by William Nylander.
10:29 of 2nd period - Shot Blocked by Iven Barbashev.
10:41 of 2nd period - Slapshot by Gavin Bayreuther.
10:41 of 2nd period - Deflect By Phillip Danault.
10:41 of 2nd period - Stopped by Carter Hart with a rebound.
10:47 of 2nd period - Slapshot by Anthony Beauvillier.
10:47 of 2nd period - Stopped by Carter Hart with a rebound.
10:49 of 2nd period - Slapshot by John Marino.
10:49 of 2nd period - Shot Misses the Net.
11:01 of 2nd period - Snap shot by Josh Jooris.
11:01 of 2nd period - Shot Blocked by Joachim Blichfeld.
11:03 of 2nd period - Snap shot by Josh Jooris.
11:03 of 2nd period - Stopped by Carter Hart without a rebound.
11:04 of 2nd period - Josh Jooris wins face-off versus Joel Eriksson Ek in Reign zone.
11:09 of 2nd period - Backhand shot by Andy Andreoff.
11:09 of 2nd period - Shot Blocked by Thomas Chabot.
11:11 of 2nd period - Slapshot by Scott Mayfield.
11:11 of 2nd period - Deflect By Joachim Blichfeld.
11:11 of 2nd period - Stopped by Carter Hart with a rebound.
12:10 of 2nd period - Andrew O'Brien is hit by Trevor Moore and loses puck.
12:29 of 2nd period - Wrist shot by Cedric Paquette.
12:29 of 2nd period - Shot Misses the Net.
12:31 of 2nd period - Backhand shot by Danny Biega.
12:31 of 2nd period - Shot Blocked by Charlie McAvoy.
12:41 of 2nd period - Charlie McAvoy is hit by Andy Andreoff and loses puck.
13:01 of 2nd period - Minor Penalty to Vince Hinostroza for Holding.
13:02 of 2nd period - Josh Jooris wins face-off versus Rourke Chartier in Penguins zone.
13:12 of 2nd period - Slapshot by Josh Jooris.
13:12 of 2nd period - Goal by Josh Jooris - Reign : 2 - Penguins : 1.
13:13 of 2nd period - William Nylander wins face-off versus Josh Jooris in neutral zone.
15:01 of 2nd period - Penalty to Vince Hinostroza is over, Vince Hinostroza is back on ice.
15:15 of 2nd period - Snap shot by Vince Hinostroza.
15:15 of 2nd period - Stopped by Carter Hart with a rebound.
15:35 of 2nd period - Joel Eriksson Ek is hit by Gavin Bayreuther and loses puck.
16:44 of 2nd period - Phillip Danault is hit by Vince Hinostroza and loses puck.
18:37 of 2nd period - Slapshot by Jakob Chychrun.
18:37 of 2nd period - Stopped by Connor Hellebyuk with a rebound.
18:39 of 2nd period - Backhand shot by Phillip Danault.
18:39 of 2nd period - Shot Misses the Net.
19:16 of 2nd period - Icing by Andrew O'Brien.
19:17 of 2nd period - Tyson Jost wins face-off versus Joel Eriksson Ek in Penguins zone.
19:32 of 2nd period - Snap shot by Joachim Blichfeld.
19:32 of 2nd period - Stopped by Connor Hellebyuk with a rebound.
19:52 of 2nd period - Slapshot by Thomas Chabot.
19:52 of 2nd period - Stopped by Connor Hellebyuk with a rebound.
Goals for this period are 1 for Reign vs 1 for Penguins.
Shots for this period are 12 for Reign vs 13 for Penguins.
3rd period
0:01 of 3rd period - Sergey Kalinin wins face-off versus Cedric Paquette in neutral zone.
0:12 of 3rd period - Wrist shot by Josh Jooris.
0:12 of 3rd period - Shot Misses the Net.
0:14 of 3rd period - Snap shot by Josh Jooris.
0:14 of 3rd period - Shot Misses the Net.
0:16 of 3rd period - Snap shot by Josh Jooris.
0:16 of 3rd period - Shot Misses the Net.
0:31 of 3rd period - Wrist shot by Roope Hintz.
0:31 of 3rd period - Shot Misses the Net.
0:37 of 3rd period - Slapshot by Rourke Chartier.
0:37 of 3rd period - Shot Misses the Net.
0:52 of 3rd period - Joel Eriksson Ek is hit by Kyle Connor and loses puck.
1:15 of 3rd period - Nikita Tryamkin is hit by Josh Jooris and loses puck.
1:42 of 3rd period - Jordan Kyrou is hit by Sam Reinhart and loses puck.
2:19 of 3rd period - Backhand shot by Cedric Paquette.
2:19 of 3rd period - Shot Misses the Net.
2:21 of 3rd period - Snap shot by Scott Mayfield.
2:21 of 3rd period - Deflect By Cedric Paquette.
2:21 of 3rd period - Shot Misses the Net.
2:21 of 3rd period - Puck is out of play.
2:22 of 3rd period - Sergey Kalinin wins face-off versus Tyson Jost in Reign zone.
2:27 of 3rd period - Snap shot by Dmitri Orlov.
2:27 of 3rd period - Stopped by Connor Hellebyuk with a rebound.
2:44 of 3rd period - Icing by Tyson Jost.
2:45 of 3rd period - Rourke Chartier wins face-off versus Cedric Paquette in Penguins zone.
2:48 of 3rd period - Slapshot by Matthew Tkachuk.
2:48 of 3rd period - Deflect By Roope Hintz.
2:48 of 3rd period - Stopped by Connor Hellebyuk without a rebound.
2:49 of 3rd period - Rourke Chartier wins face-off versus Cedric Paquette in Penguins zone.
2:58 of 3rd period - Snap shot by Josh Jooris.
2:58 of 3rd period - Shot Misses the Net.
3:10 of 3rd period - Minor Penalty to Andy Andreoff for Tripping.
3:11 of 3rd period - Josh Jooris wins face-off versus Rourke Chartier in Penguins zone.
3:11 of 3rd period - Josh Jooris is hit by Jakob Chychrun.
5:06 of 3rd period - Icing by Joel Eriksson Ek.
5:07 of 3rd period - Joachim Blichfeld wins face-off versus Sam Reinhart in Reign zone.
5:10 of 3rd period - Penalty to Andy Andreoff is over, Andy Andreoff is back on ice.
5:38 of 3rd period - Slapshot by Thomas Chabot.
5:38 of 3rd period - Stopped by Connor Hellebyuk without a rebound.
5:39 of 3rd period - Sergey Kalinin wins face-off versus Denis Malgin in Penguins zone.
5:44 of 3rd period - Snap shot by Jordan Kyrou.
5:44 of 3rd period - Goal by Jordan Kyrou - Reign : 3 - Penguins : 1.
5:45 of 3rd period - Sergey Kalinin wins face-off versus Cedric Paquette in neutral zone.
6:12 of 3rd period - Snap shot by Vince Hinostroza.
6:12 of 3rd period - Stopped by Carter Hart without a rebound.
6:13 of 3rd period - Adam Brooks wins face-off versus Roope Hintz in Reign zone.
6:22 of 3rd period - Icing by Dakota Mermis.
6:23 of 3rd period - Rourke Chartier wins face-off versus Adam Brooks in Penguins zone.
7:05 of 3rd period - Snap shot by Vince Hinostroza.
7:05 of 3rd period - Stopped by Carter Hart with a rebound.
7:13 of 3rd period - Backhand shot by Vince Hinostroza.
7:13 of 3rd period - Shot Misses the Net.
7:15 of 3rd period - Snap shot by Vince Hinostroza.
7:15 of 3rd period - Shot Misses the Net.
7:41 of 3rd period - Slapshot by Kyle Connor.
7:41 of 3rd period - Shot Misses the Net.
7:43 of 3rd period - Backhand shot by Dakota Mermis.
7:43 of 3rd period - Stopped by Carter Hart with a rebound.
7:45 of 3rd period - Snap shot by Dakota Mermis.
7:45 of 3rd period - Shot Misses the Net.
7:47 of 3rd period - Slapshot by Kyle Connor.
7:47 of 3rd period - Goal by Kyle Connor - Reign : 3 - Penguins : 2.
7:48 of 3rd period - Sergey Kalinin wins face-off versus Cedric Paquette in neutral zone.
7:58 of 3rd period - Minor Penalty to Scott Mayfield for Hooking.
7:59 of 3rd period - Sergey Kalinin wins face-off versus Josh Jooris in Penguins zone.
8:12 of 3rd period - Icing by Jakob Chychrun.
8:13 of 3rd period - Sergey Kalinin wins face-off versus Josh Jooris in Reign zone.
8:18 of 3rd period - Wrist shot by Jordan Kyrou.
8:18 of 3rd period - Shot Misses the Net.
8:20 of 3rd period - Slapshot by Jordan Kyrou.
8:20 of 3rd period - Shot Misses the Net.
9:32 of 3rd period - Danny Biega is hit by Joachim Blichfeld and loses puck.
9:58 of 3rd period - Penalty to Scott Mayfield is over, Scott Mayfield is back on ice.
10:03 of 3rd period - Snap shot by Nicolas Aube-Kubel.
10:03 of 3rd period - Deflect By Phillip Danault.
10:03 of 3rd period - Shot Misses the Net.
10:03 of 3rd period - Puck is out of play.
10:04 of 3rd period - Trevor Moore wins face-off versus Denis Malgin in Penguins zone.
10:05 of 3rd period - Snap shot by Nicolas Aube-Kubel.
10:05 of 3rd period - Shot Blocked by Gavin Bayreuther.
10:19 of 3rd period - Snap shot by Nicolas Aube-Kubel.
10:19 of 3rd period - Stopped by Connor Hellebyuk with a rebound.
10:29 of 3rd period - Joel Eriksson Ek is hit by John Marino and loses puck.
10:53 of 3rd period - Slapshot by Gavin Bayreuther.
10:53 of 3rd period - Shot Misses the Net.
10:55 of 3rd period - Snap shot by Sam Reinhart.
10:55 of 3rd period - Shot Misses the Net.
10:59 of 3rd period - Wrist shot by Sam Reinhart.
10:59 of 3rd period - Shot Misses the Net.
11:13 of 3rd period - Snap shot by Andy Andreoff.
11:13 of 3rd period - Stopped by Carter Hart with a rebound.
11:19 of 3rd period - Josh Jooris is hit by Charlie McAvoy and loses puck.
12:12 of 3rd period - Snap shot by Matthew Tkachuk.
12:12 of 3rd period - Shot Misses the Net.
12:14 of 3rd period - Slapshot by Dmitri Orlov.
12:14 of 3rd period - Deflect By Matthew Tkachuk.
12:14 of 3rd period - Shot Misses the Net.
12:14 of 3rd period - Puck is out of play.
12:15 of 3rd period - Rourke Chartier wins face-off versus Tyson Jost in Penguins zone.
12:32 of 3rd period - Slapshot by Rourke Chartier.
12:32 of 3rd period - Stopped by Connor Hellebyuk without a rebound.
12:33 of 3rd period - Sergey Kalinin wins face-off versus Cedric Paquette in Penguins zone.
12:48 of 3rd period - Slapshot by William Nylander.
12:48 of 3rd period - Stopped by Connor Hellebyuk with a rebound.
12:58 of 3rd period - Kyle Connor is hit by Matthew Tkachuk and loses puck.
13:19 of 3rd period - Slapshot by Dmitri Orlov.
13:19 of 3rd period - Stopped by Connor Hellebyuk without a rebound.
13:20 of 3rd period - Trevor Moore wins face-off versus Tyson Jost in Penguins zone.
13:27 of 3rd period - Wrist shot by Phillip Danault.
13:27 of 3rd period - Stopped by Connor Hellebyuk with a rebound.
13:29 of 3rd period - Snap shot by Nikita Tryamkin.
13:29 of 3rd period - Deflect By Trevor Moore.
13:29 of 3rd period - Goal by Trevor Moore - Reign : 4 - Penguins : 2.
13:30 of 3rd period - Sergey Kalinin wins face-off versus Cedric Paquette in neutral zone.
13:55 of 3rd period - Kyle Connor is hit by Rourke Chartier and loses puck.
14:46 of 3rd period - Backhand shot by Joachim Blichfeld.
14:46 of 3rd period - Shot Misses the Net.
15:44 of 3rd period - Anthony Beauvillier is hit by Trevor Moore.
15:58 of 3rd period - Josh Anderson is hit by Cedric Paquette and loses puck.
16:09 of 3rd period - Cedric Paquette is hit by Josh Anderson and loses puck.
16:53 of 3rd period - Snap shot by Iven Barbashev.
16:53 of 3rd period - Shot Misses the Net.
17:02 of 3rd period - Off-side.
17:03 of 3rd period - Trevor Moore wins face-off versus Adam Brooks in neutral zone.
17:33 of 3rd period - Minor Penalty to Andrew O'Brien for Hooking.
17:34 of 3rd period - Rourke Chartier wins face-off versus Josh Jooris in Penguins zone.
17:44 of 3rd period - Snap shot by William Nylander.
17:44 of 3rd period - Shot Misses the Net.
18:00 of 3rd period - John Marino is hit by Sergey Kalinin and loses puck.
18:25 of 3rd period - Danny Biega is hit by Dmitri Orlov and loses puck.
19:33 of 3rd period - Penalty to Andrew O'Brien is over, Andrew O'Brien is back on ice.
19:47 of 3rd period - Gavin Bayreuther is hit by Nikita Tryamkin and loses puck.
Goals for this period are 2 for Reign vs 1 for Penguins.
Shots for this period are 10 for Reign vs 5 for Penguins.